 Dungeon Crawl Stone Soup version 0.32-a0-673-g3729bd50f8 (webtiles) character file.

Game seed: 5273987684240742339

58 Shayle the Apothecary (level 4, 0/45 HPs)
             Began as a Coglin Alchemist on Mar 11, 2024.
             Succumbed to an orc wizard's poison
             ... on level 3 of the Dungeon.
             The game lasted 00:04:55 (2582 turns).

Shayle the Apothecary (Coglin Alchemist)            Turns: 2582, Time: 00:04:55

Health: 0/45       AC: 29    Str:  8    XL:     4   Next: 1%
Magic:  7/7        EV:  2    Int: 17    God:
Gold:   95         SH:  0    Dex: 14    Spells: 6/7 levels left

rFire   . . .        h - +2 dagger (protect) {Chiraphon}
rCold   . . .        (no shield)
rNeg    . . .        a - melded +0 robe
rPois   +            (helmet currently unavailable)
rElec   .            (cloak currently unavailable)
rCorr   .            (gloves currently unavailable)
SInv    .            d - melded +0 pair of boots
Will    +....        (no amulet)
Stlth   ++           (no ring)
HPRegen 0.27/turn    (no ring)
MPRegen 0.10/turn    (no gizmo)

%: no passive effects
@: lethally poisoned (0 -> -14), tree-form, under a protective aura,
enlightened, revved
A: stationary, stasis, torment immunity, boosted hp, off-hand wielding, slow
wielding, warmup strikes, (no jewellery)
a: Invent Gizmo


You were on level 3 of the Dungeon.
You were a tree.
You visited 1 branch of the dungeon, and saw 3 of its levels.

You collected 95 gold pieces.

Inventory:

Hand Weapons
 h - a +2 dagger of protection (weapon) {Chiraphon}
 j - a +0 hand axe
Armour
 a - a +0 robe (melded)
 d - a +0 pair of boots (melded)
 e - an orb of guile
Scrolls
 c - a scroll of identify {unknown}
 i - a scroll of teleportation {unknown}
 k - a scroll of noise {unknown}
 o - 2 scrolls of blinking {unknown}
Potions
 b - a potion of magic
 f - a potion of lignification
 l - a potion of brilliance {unknown}
 m - a potion of mutation {unknown}
 n - a potion of heal wounds {unknown}


   Skills:
 + Level 2.3 Dodging
 - Level 1.5 Stealth
 + Level 2.3 Spellcasting
 + Level 1.7 Conjurations
 + Level 3.8 Alchemy


You had 6 spell levels left.
You knew the following spells:

 Your Spells              Type           Power      Damage    Failure   Level
a - Sting                 Conj/Alch      44%        1d5       6%          1

Your spell library contained the following spells:

 Spells                   Type           Power      Damage    Failure   Level
 Mercury Vapours          Alch/Air       16%        N/A       13%         2
 Mephitic Cloud           Conj/Alch/Air  8%         N/A       26%         3
 Olgreb's Toxic Radiance  Alch           15%        N/A       36%         4
 Sticky Flame             Fire/Alch      8%         2d4       63%         4


Dungeon Overview and Level Annotations

Branches:
Dungeon (3/15)

Altars:
Ru


Innate Abilities, Weirdness & Mutations

You are a tree.
Your roots penetrate the ground, keeping you stationary.
You cannot be teleported.
You are immune to unholy pain and torment.
Your maximum health is greatly increased.
Your equipment is partially melded.
You can wield a second weapon in your off-hand.
It takes a long time for you to wield or remove held weapons.
Your first few attacks do less damage.
((You cannot equip rings or amulets.))


Message History

The orc wizard hits you but does no damage.
You hit the orc wizard.
The orc wizard is heavily wounded.
You feel sick.
The orc wizard hits you but does no damage.
You are more poisoned.
You hit the orc wizard but do no damage.
The orc wizard is heavily wounded.
You feel very sick.
The orc wizard hits you with a +2 dagger of venom.
You are lethally poisoned!
You closely miss the orc wizard.
The orc wizard is heavily wounded.
You feel very sick. The orc wizard barely misses you.
You hit the orc wizard.
The orc wizard is almost dead.
* * * LOW HITPOINT WARNING * * *
You feel very sick.
The orc wizard hits you but does no damage.
You are more poisoned.
Unknown command.
Press < or > to pray at altars.
It was a potion of lignification.
You turn into a tree.
Your +0 pair of boots melds into your body.
Your +0 robe melds into your body.
Your roots penetrate the ground.
* * * LOW HITPOINT WARNING * * *
You feel very sick.
The giant cockroach bites you but does no damage.
The orc wizard hits you but does no damage.
You hit the orc wizard but do no damage.
The orc wizard is almost dead.
* * * LOW HITPOINT WARNING * * *
You feel very sick.
The giant cockroach bites you but does no damage.
The orc wizard hits you but does no damage.
Unknown command.
Press < or > to pray at altars.
It was a potion of enlightenment.
Your roots keep you in place.
You die...

....####.. ..........
###.####.# #...#
+#######+ #.###
#...#...# #.#
#...#...# #.#
#..o....# #.#
###.♣.### .# #.#
###....B..##.# #.#
#.#...#...#..# #.#
#.#...#...#..## ##.#
#.'#######+...##.##.#
#....##.......... #.#
#..####.......# #.#
##[####....).######.#
#..................#


You could see an orc wizard (mute) and a giant cockroach (blind, unable to see
you).

Vanquished Creatures
  2 adders (D:2)
  5 endoplasms
  4 giant cockroaches
  3 goblins
  4 hobgoblins
  A kobold (D:2)
  4 ball pythons
  6 bats
  3 frilled lizards
  7 rats
39 creatures vanquished.

Notes
Turn   | Place    | Note
-------+----------+-------------------------------------------
     0 | D:1      | Shayle the Coglin Alchemist began the quest for the Orb.
     0 | D:1      | Reached XP level 1. HP: 13/13 MP: 3/3
   100 | D:1      | Reached skill level 1 in Conjurations
   385 | D:1      | Reached XP level 2. HP: 19/19 MP: 1/4
  1411 | D:2      | Reached XP level 3. HP: 21/24 MP: 2/6
  1654 | D:2      | Found a faded altar of an unknown god.
  2565 | D:3      | Found a sacrificial altar of Ru.
  2569 | D:3      | Reached XP level 4. HP: 30/30 MP: 7/7
  2582 | D:3      | Succumbed to an orc wizard's poison

Illustrated notes

Levels and vault maps discovered:
D:1:      elethiomel_arrival_infinity_welcomes_careful_drivers,
          layout_loops_corners, nicolae_figureground_pulse
D:2:      layout_basic, shapermc_ecumenical_altar_gd, chequers_garden
D:3:      layout_loops_ring, nicolae_ru_great_annihilating_truth,
          gammafunk_ghost_smash, uniq_ijyb

Skill      XL: |  1  2 |
---------------+-------+-----
Conjurations   | 1 |  1.7
Dodging        | 2 |  2.3
Spellcasting   | 2 |  2.3
Stealth        | |  1.5
Alchemy        | |  3.8

Action                     |  1- 3 |  4- 6 || total
---------------------------+-------+-------++-------
  Melee: Unarmed           |    30 |       ||    30
         Dagger            |    42 |     9 ||    51
   Cast: Sting             |    47 |       ||    47
    Use: Potion            |       |     2 ||     2
   Stab: Sleeping          |     4 |       ||     4
 Armour: Robe              |    47 |     5 ||    52
         Skin              |       |     4 ||     4
  Dodge: Dodged            |    50 |     2 ||    52

Table legend: (Time is in decaauts)
 A = Elapsed time spent in this place.
 B = Non-inter-level travel time spent in this place.
 C = Inter-level travel time spent in this place.
 D = Time resting spent in this place.
 E = Time spent auto-exploring this place.
 F = Levels seen in this place.
 G = Mean time per level.
                   A        B        C        D        E       F      G
               +--------+--------+--------+--------+--------+-----+--------+
         Total |   2581 |   2511 |     70 |     56 |   2064 |   3 |  860.3 |
       Dungeon |   2581 |   2511 |     70 |     56 |   2064 |   3 |  860.3 |
               +--------+--------+--------+--------+--------+-----+--------+

Top non-repeatable levels by time:
     D:1: 1399 daAuts
     D:2: 1082 daAuts
     D:3: 99 daAuts
